 Dungeon Crawl Stone Soup version 0.27-a0-1119-gbf574a6a6b (webtiles) character file.

Game seed: 17601667744523133958

282 pokeman the Magician (level 6, -6/34 HPs)
             Began as a Deep Elf Hedge Wizard on May 2, 2021.
             Killed by divine providence
             ... invoked by an orc priest
              (14 damage)
             ... on level 4 of the Dungeon.
             The game lasted 00:06:50 (4420 turns).

pokeman the Magician (Deep Elf Hedge Wizard)        Turns: 4420, Time: 00:06:51

Health: -6/34      AC:  2    Str:  7    XL:     6   Next: 6%
Magic:  5/17       EV: 13    Int: 21    God:
Gold:   94         SH:  5    Dex: 14    Spells: 7/18 levels left

rFire    . . .     SeeInvis .   p - +2 hand axe (freeze)
rCold    . . .     Faith    .   (no shield)
rNeg     . . .     Spirit   .   b - +0 robe
rPois    .         Reflect  +   c - +0 hat
rElec    .         Harm     .   (no cloak)
rCorr    .         Rampage  .   (no gloves)
Will     .....                  (no boots)
Stlth    ++........             k - amulet of reflection
HPRegen  0.11/turn              (no ring)
MPRegen  0.15/turn              (no ring)

@: no status effects
A: no striking features
a: no special abilities


You were on level 4 of the Dungeon.
You visited 1 branch of the dungeon, and saw 5 of its levels.

You collected 94 gold pieces.

Inventory:

Hand Weapons
 p - a +2 hand axe of freezing (weapon)
Missiles
 f - 70 arrows
Armour
 b - a +0 robe (worn)
 c - a +0 hat (worn)
 o - a +0 buckler
Jewellery
 k - an amulet of reflection (around neck)
Scrolls
 d - a scroll of magic mapping {unknown}
 g - 4 scrolls of identify {unknown}
 i - a scroll of brand weapon {unknown}
 l - a scroll of enchant weapon {unknown}
 m - a scroll of amnesia {unknown}
 n - a scroll of immolation {unknown}
Potions
 e - a potion of lignification
 h - a potion of heal wounds
 j - 2 potions of flight {unknown}


   Skills:
 - Level 1.0 Fighting
 - Level 1.0 Armour
 - Level 3.1 Dodging
 - Level 2.4 Stealth
 + Level 0.8 Shields
 * Level 6.7 Spellcasting
 + Level 3.1 Conjurations
 - Level 1.1 Summonings
 - Level 1.1 Translocations
 - Level 1.0 Fire Magic
 - Level 1.3 Air Magic
 + Level 0.4 Poison Magic


You had 7 spell levels left.
You knew the following spells:

 Your Spells              Type           Power      Damage    Failure   Level
a - Magic Dart            Conj           80%        1d7       2%          1
b - Mephitic Cloud        Conj/Pois/Air  13%        N/A       14%         3
c - Call Imp              Summ           11%        N/A       9%          2
d - Blink                 Tloc           N/A        N/A       9%          2
e - Conjure Flame         Conj/Fire      15%        6-21      12%         3

Your spell library contained the following spells:

 Spells                   Type           Power      Damage    Failure   Level
 Summon Small Mammal      Summ           44%        N/A       6%          1
 Animate Skeleton         Necr           14%        N/A       9%          1
 Beastly Appendage        Tmut           14%        N/A       9%          1
 Pain                     Necr           28%        1d5       9%          1
 Slow                     Hex            7%         N/A       14%         2
 Wereblood                Tmut           7%         N/A       14%         2
 Call Canine Familiar     Summ           11%        N/A       17%         3
 Summon Guardian Golem    Hex/Summ       9%         N/A       22%         3
 Spider Form              Tmut/Pois      3%         N/A       26%         3
 Vampiric Draining        Necr           3%         2d6       26%         3
 Summon Lightning Spire   Summ/Air       12%        N/A       50%         4
 Summon Ice Beast         Ice/Summ       9%         N/A       58%         4
 Animate Dead             Necr           3%         N/A       65%         4
 Ice Form                 Ice/Tmut       7%         N/A       65%         4
 Agony                    Necr           7%         N/A       94%         5
 Hydra Form               Tmut           3%         N/A       94%         5


Dungeon Overview and Level Annotations

Branches:
Dungeon (5/15)
 Temple: D:4-7

Altars:


Message History

The orc priest is engulfed in noxious fumes.
The orc priest appears confused.
Unknown command.
The orc priest mumbles some strange prayers to Beogh against you.
You struggle to resist.
The orc priest is engulfed in noxious fumes.
The orc priest appears confused.
Casting: Mephitic Cloud (quite dangerous; 14% risk of failure)
Confirm with . or Enter, or press ? or * to list all spells.
The spell is quite dangerous to cast (14% risk of failure)!
Continue anyway?
Okay, then.
Unknown command.
Things that are here:
a +0 falchion; a +0 dagger You closely miss the orc.
The orc barely misses you. x2
Casting: Mephitic Cloud (quite dangerous; 14% risk of failure)
Confirm with . or Enter, or press ? or * to list all spells.
The spell is quite dangerous to cast (14% risk of failure)!
Continue anyway?
Aiming: Mephitic Cloud (quite dangerous; 14% risk of failure)
Press: ? - help, Shift-Dir - straight line, f - orc priest
Aim: an orc priest, wielding a +0 short sword and wearing a +0 chain mail (chance to affect: 86%) That beam is likely to hit you.
Continue anyway?
The ball explodes into a vile cloud!
The stinking cloud engulfs the orc but does no damage.
The stinking cloud engulfs the orc priest but does no damage.
The stinking cloud engulfs you but does no damage.
You hear a shout!
The orc is engulfed in noxious fumes.
The orc appears confused.
The orc hits you with a +0 flail.
* * * LOW HITPOINT WARNING * * *
Your magical contamination has completely faded away.
Unknown command.
Unknown command.
The orc is engulfed in noxious fumes.
The orc appears confused.
The orc hits the orc priest with a +0 flail.
Things that are here:
a +0 war axe; a +0 chain mail; an orc corpse The orc priest invokes the aid of Beogh against you.
Beogh smites you!
You die...

#...........##
#....).......#
#............#
#............##
#........o...o#
#..........)#o#
#...........#.###
#...........#)..+
#.!.........#@)##
#...(...o...#..##
#####......#...#
#.######.#.## ..
#........# .#
#......#.## #.#
........#..# #.#
##########.###.#######
#...........#


You could see an orc priest and an orc (confused).

Vanquished Creatures
  2 scorpions (D:5)
  An orc priest (D:4)
  A howler monkey skeleton (D:2)
  5 adders
  A worm (D:2)
  4 dart slugs
  5 orcs
  5 bats
  5 endoplasms
  A giant cockroach (D:1)
  2 goblins
  6 hobgoblins
  6 jackals
  A quokka (D:3)
  4 ball pythons
  2 frilled lizards
  A kobold (D:2)
  7 rats
59 creatures vanquished.

Vanquished Creatures (collateral kills)
  An orc (D:4)
1 creature vanquished.

Vanquished Creatures (others)
  A hobgoblin (D:3)
1 creature vanquished.

Grand Total: 61 creatures vanquished

Notes
Turn   | Place    | Note
-------+----------+-------------------------------------------
     0 | D:1      | pokeman the Deep Elf Hedge Wizard began the quest for the
                  | Orb.
     0 | D:1      | Reached XP level 1. HP: 10/10 MP: 7/7
   241 | D:1      | Reached XP level 2. HP: 15/15 MP: 0/9
  1058 | D:1      | Reached skill level 5 in Spellcasting
  1256 | D:2      | Found a faded altar of an unknown god.
  1423 | D:2      | Reached XP level 3. HP: 20/20 MP: 8/11
  1427 | D:2      | Learned a level 3 spell: Mephitic Cloud
  1430 | D:2      | Learned a level 2 spell: Call Imp
  1433 | D:2      | Learned a level 2 spell: Blink
  1437 | D:2      | Learned a level 3 spell: Conjure Flame
  1531 | D:2      | Reached skill level 1 in Fighting
  1531 | D:2      | Reached skill level 1 in Armour
  2077 | D:2      | Reached XP level 4. HP: 25/25 MP: 7/13
  3137 | D:3      | Reached skill level 1 in Fire Magic
  3919 | D:3      | You fall into a shaft and drop 2 floors!
  3919 | D:5      | Entered Level 5 of the Dungeon
  3939 | D:5      | Noticed a scorpion
  3984 | D:5      | Killed a scorpion
  3985 | D:5      | Reached skill level 6 in Spellcasting
  3985 | D:5      | Reached XP level 5. HP: 27/29 MP: 0/15
  4120 | D:5      | Reached skill level 1 in Air Magic
  4404 | D:4      | Reached XP level 6. HP: 15/34 MP: 15/17
  4420 | D:4      | Killed from afar by an orc priest

Illustrated notes

Levels and vault maps discovered:
D:1:      dpeg_arrival_pits, layout_loops_ring
D:2:      layout_basic, hellmonk_ecumenical_altar_inner_sanctum,
          kennysheep_generic_room_6
D:3:      layout_loops_corners
D:4:      layout_basic, elyvilon_altar_1, serial_shops, shop, uniq_robin,
          uniq_menkaure
D:5:      layout_loops_ring, minmay_temple_entry_sparse_star, uniq_duvessa,
          uniq_crazy_yiuf_cottage, uniq_grinder, uniq_prince_ribbit1

Skill      XL: |  1  2  3  4  5 |
---------------+----------------+-----
Spellcasting   | 5 6 |  6.7
Fighting       | 1 |  1.0
Armour         | 1 |  1.0
Conjurations   | 2 3 |  3.1
Fire Magic     | 1 |  1.0
Dodging        | 3 |  3.1
Air Magic      | 1 |  1.3
Stealth        | |  2.4
Shields        | |  0.8
Summonings     | |  1.1
Translocations | |  1.1
Poison Magic   | |  0.4

Action                   |  1- 3 |  4- 6 || total
-------------------------+-------+-------++-------
Melee: Dagger            |       |    26 ||    26
       Hand axe          |       |    11 ||    11
 Cast: Magic Dart        |   121 |    81 ||   202
       Call Imp          |       |     2 ||     2
       Mephitic Cloud    |       |     5 ||     5
       Conjure Flame     |       |     1 ||     1
  Use: Potion            |       |     2 ||     2
 Stab: Confused          |       |     1 ||     1
Armor: Robe              |     3 |     3 ||     6
       Skin              |       |    25 ||    25
Dodge: Dodged            |    10 |    20 ||    30
Block: Other             |       |    12 ||    12
       Reflection        |       |     1 ||     1

Table legend: (Time is in decaauts)
 A = Elapsed time spent in this place.
 B = Non-inter-level travel time spent in this place.
 C = Inter-level travel time spent in this place.
 D = Time resting spent in this place.
 E = Time spent auto-exploring this place.
 F = Levels seen in this place.
 G = Mean time per level.
                   A        B        C        D        E       F      G
               +--------+--------+--------+--------+--------+-----+--------+
         Total |   4422 |   4349 |     73 |     49 |   3835 |   5 |  884.4 |
       Dungeon |   4422 |   4349 |     73 |     49 |   3835 |   5 |  884.4 |
               +--------+--------+--------+--------+--------+-----+--------+

Top non-repeatable levels by time:
     D:2: 1714 daAuts
     D:1: 1157 daAuts
     D:3: 1047 daAuts
     D:5: 306 daAuts
     D:4: 196 daAuts
